 Dungeon Crawl Stone Soup version bcrawl-1.24 (webtiles) character file.

Game seed: 18017517848724012837

101 Freyura the Cudgeler (level 4, -17/29 HPs)
             Began as a Gargoyle Monk on June 11, 2020.
             Demolished by an ogre
             ... wielding a +0 giant club
              (19 damage)
             ... on level 3 of the Dungeon.
             The game lasted 00:04:46 (2531 turns).

Freyura the Cudgeler (Gargoyle Monk)                Turns: 2531, Time: 00:04:46

Health: -17/29     AC:  8    Str: 15    XL:     4   Next: 75%
Magic:  0/5        EV: 12    Int: 10    God:
Gold:   238        SH:  0    Dex: 13    Spells: 3/3 levels left

rFire    . . .     SeeInvis .   a - +0 mace
rCold    . . .     Gourm    .   (no shield)
rNeg     + + .     Faith    .   q - +0 ring mail
rPois    ∞         Spirit   +   c - +0 hat
rElec    +         Reflect  .   (no cloak)
rCorr    .         Harm     .   (no gloves)
MR       .....                  (no boots)
Stlth    +.........             d - amulet of guardian spirit
HPRegen  0.09/turn              g - ring of positive energy
MPRegen  0.09/turn              p - ring of wizardry

@: no status effects
A: negative energy resistance 1, electricity resistance, unbreathing,
petrification resistance, rot immunity, AC +3
a: no special abilities


You were on level 3 of the Dungeon.
You were not hungry.

You visited 1 branch of the dungeon, and saw 4 of its levels.

You collected 238 gold pieces.

Inventory:

Hand Weapons
 a - a +0 mace (weapon)
Armour
 b - a +0 robe
 c - a +0 hat (worn)
 q - a +0 ring mail (worn)
Jewellery
 d - an amulet of guardian spirit (around neck)
 g - a ring of positive energy (left hand)
 p - a ring of wizardry (right hand)
Wands
 r - a wand of scattershot (4)
 s - a wand of acid (5)
Scrolls
 f - 2 scrolls of remove curse
 h - 2 scrolls of enchant armour {unknown}
 i - 3 scrolls of teleportation {unknown}
 m - 2 scrolls of fog {unknown}
 n - 2 scrolls of identify {unknown}
Potions
 j - 2 potions of invisibility {unknown}
 k - 4 potions of curing {unknown}
 l - a potion of ambrosia {unknown}
 o - a potion of flight {unknown}
Comestibles
 e - 6 rations {!d}


   Skills:
 + Level 3.9 Fighting
 * Level 4.0 Maces & Flails
 + Level 1.7 Armour
 + Level 3.0 Dodging
 - Level 2.4 Stealth
   Level 2.1 Invocations


You had 3 spell levels left.
You didn't know any spells.
Your spell library was empty.

Dungeon Overview and Level Annotations

Branches:
Dungeon (4/12)
 Temple: D:4-7

Altars:


Innate Abilities, Weirdness & Mutations

You are resistant to torment.
Your stone body is resilient. (AC +3)
You are immune to poison.
You resist negative energy. (rN+)
You are resistant to electric shocks. (rElec)
You can survive without breathing.
You are immune to petrification.
You are immune to rotting.


Message History

The ogre misses you. The worker ant closely misses you.
You hit the ogre.
The ogre is severely wounded.
The ogre misses you. The worker ant bites you.
* * * LOW HITPOINT WARNING * * *
You hit the ogre.
The ogre is almost dead.
The worker ant closely misses you. The ogre closely misses you.
The worker ant bites you.
* * * LOW HITPOINT WARNING * * *
Your ring mail prevents you from hitting the ogre.
The ogre is almost dead.
The ogre completely misses you. The worker ant bites you.
* * * LOW HITPOINT WARNING * * *
You barely miss the ogre.
The ogre is almost dead.
The worker ant bites you but does no damage.
The ogre hits you with a +0 giant club!!
Ouch! That really hurt!
You die...

...................#.............
######.............#.....#.......
...# #.#.......[...#.....#.......
...# #.#.................#.######
...###+#...................#
...##......................# ####
#..........###..[..........###...
+............+..Oa...............
#.........####..@.......#####....
#.........####...###....#####....
#.............##.# #....#........
#.............##+########........
..............#....# #........
..............#....######........
..............#........##........
........................#.##.....
..........................#......


You could see an ogre and a worker ant.

Vanquished Creatures
  2 adders
  3 worms
  A dart slug (D:2)
  2 leopard geckos
  An orc (D:2)
  7 bats
  6 giant cockroaches
  5 goblins
  9 hobgoblins
  11 jackals
  A quokka (D:2)
  A ball python (D:1)
  2 frilled lizards
  7 kobolds
  4 rats
62 creatures vanquished.

Notes
Turn   | Place    | Note
-------+----------+-------------------------------------------
     0 | D:1      | Freyura the Gargoyle Monk began the quest for the Orb.
     0 | D:1      | Reached XP level 1. HP: 14/14 MP: 2/2
   342 | D:1      | Reached XP level 2. HP: 17/19 MP: 3/3
   557 | D:1      | Reached skill level 1 in Armour
   560 | D:1      | Reached XP level 3. HP: 9/23 MP: 2/4
  1266 | D:2      | Found a faded altar of an unknown god.
  1371 | D:2      | Reached XP level 4. HP: 25/29 MP: 5/5
  2090 | D:3      | Reached skill level 4 in Maces & Flails
  2511 | D:4      | Noticed an ogre
  2531 | D:3      | Demolished by an ogre

Skill      XL: |  1  2  3  4 |
---------------+-------------+-----
Armour         | 1 |  1.7
Maces & Flails | 4 |  4.0
Dodging        | 3 |  3.0
Fighting       | |  3.9
Stealth        | |  2.4
Invocations    | |  2.1

Action                   |  1- 3 |  4- 6 || total
-------------------------+-------+-------++-------
Melee: Mace              |   120 |    86 ||   206
 Stab: Sleeping          |     5 |     1 ||     6
       Distracted        |       |     1 ||     1
  Eat: Chunk             |     1 |     4 ||     5
Armor: Robe              |    43 |     6 ||    49
       Ring mail         |       |    22 ||    22
Dodge: Dodged            |    94 |    69 ||   163
